 Dungeon Crawl Stone Soup version 0.22-a0-482-g76e0a5f (webtiles) character file.

938 LairdRich the Shield-Bearer (level 7, 0/62 HPs)
             Began as a Minotaur Fighter on June 17, 2018.
             Slain by a gnoll
             ... wielding a +0 spear
              (2 damage)
             ... on level 5 of the Dungeon.
             The game lasted 00:11:04 (3444 turns).

LairdRich the Shield-Bearer (Minotaur Fighter)      Turns: 3444, Time: 00:11:04

Health: 0/62       AC: 11    Str: 21    XL:     7   Next: 87%
Magic:  6/6        EV:  6    Int:  5    God:
Gold:   275        SH: 12    Dex: 11    Spells: 6/6 levels left

rFire    . . .     SeeInvis .   y - +0 spear (pierce)
rCold    . . .     Gourm    .   c - +1 shield
rNeg     . . .     Faith    .   x - +0 chain mail
rPois    .         Spirit   .   (helmet restricted)
rElec    .         Reflect  .   (no cloak)
rCorr    +         Harm     .   e - +0 pair of gloves
MR       .....                  (no boots)
Stlth    ..........             p - amulet of rage
HPRegen  0.20/turn              o - ring of resist corrosion
MPRegen  0.10/turn              (no ring)

@: no status effects
A: retaliatory headbutt, horns 2
a: Evoke Berserk Rage


You were on level 5 of the Dungeon.
You were not hungry.

You visited 1 branch of the dungeon, and saw 5 of its levels.

You collected 275 gold pieces.

Inventory:

Hand Weapons
 a - a +0 war axe
 y - a +0 spear of piercing (weapon)
Armour
 c - a +1 shield (worn)
 e - a +0 pair of gloves (worn)
 x - a +0 chain mail (worn)
Jewellery
 i - an uncursed amulet of the acrobat
 o - a ring of resist corrosion (left hand)
 p - an amulet of rage (around neck)
Scrolls
 j - a scroll of enchant armour
 m - a scroll of random uselessness
 s - a scroll of identify
Potions
 d - 3 potions of might
 h - a potion of magic {unknown}
 k - 2 potions of mutation {unknown}
 l - 2 potions of haste {unknown}
 n - a potion of curing {unknown}
 r - a potion of heal wounds {unknown}
 t - 2 potions of brilliance {unknown}
 u - a potion of berserk rage {unknown}
 v - a potion of ambrosia {unknown}
Comestibles
 f - 5 rations
 z - a chunk of flesh


   Skills:
 + Level 5.7 Fighting
 * Level 6.6 Axes
 + Level 5.6 Armour
 * Level 7.3 Shields


You had 6 spell levels left.
You didn't know any spells.
Your spell library was empty.

Dungeon Overview and Level Annotations

Branches:
Dungeon (5/15)
 Temple: D:4-7

Altars:
Trog
Wu Jian


Innate Abilities, Weirdness & Mutations

You reflexively headbutt those who attack you in melee.
You have a pair of horns on your head.


Message History

You kill the gnoll!
The gnoll hits you but does no damage. You block the gnoll's attack.
The gnoll barely misses you.
A hound comes into view.
The gnoll barely misses you.
The gnoll hits you from afar with a halberd.
* * * LOW HITPOINT WARNING * * *
You block the gnoll's attack. The gnoll hits you but does no damage.
You see here a flail.
The gnoll hits you but does no damage. You block the gnoll's attack. x2
The gnoll hits you from afar with a halberd!
* * * LOW HITPOINT WARNING * * *
The gnoll hits you but does no damage. You block the gnoll's attack. x2
The gnoll hits you but does no damage.
You see here a flail.
You hit the gnoll.
The gnoll is moderately wounded.
You block the gnoll's attack.
The gnoll hits you from afar with a spear.
You die...

,,,,,,,+,,,,,,,,* *,**,,,,,* *
,,,,,*,*,,,,,,..* *,#*,,,,,* *
,,,,,*,*,,,,,,,.* *.#*,,,,,* ***
,,,,,*,+,,,,,,,.####.#*,,,,,* *,,
,,,,,,,*,,,,,,,......###,**,***,,
,,,,,,,****,***#........,,,,,,,,,
****,,,* *,* #gg...#***,*,**,,,
*,,,* *,####)g...###*,*,**,,,
*,,,* *,#...@gh....#*,*,**,,,
*,,,* *,#.########.#*,,,**,,,
**,,,****,#...# ***,***,,**,**
*,,,,,,,,,###.# *,,,*,,,,,,,**
***,***########.# *,***,*,,*****
,,,,,,,.........# *,* *,*,>,,,,,
****,***######..# *,* *,********
,,,#.####.......# *,* *,* *,
,,,#..)......#.##***,* *,* *,


You could see a hound and 4 gnolls.

Vanquished Creatures
  The ghost of ThereIsNoGod the Ruffian, an amateur DrTm of Cheibriados (D:4)
  Sigmund (D:3)
  An ogre (D:4)
  A scorpion (D:4)
  A centaur zombie (D:5)
  2 hounds (D:4)
  An orc priest (D:3)
  A bullfrog skeleton (D:4)
  An iguana (D:4)
  2 worker ants (D:4)
  8 gnolls
  4 adders
  An ooze (D:3)
  A worm (D:2)
  2 dart slugs
  4 leopard geckos
  16 orcs
  5 bats
  A bat zombie (D:2)
  A giant cockroach (D:3)
  5 goblins
  5 hobgoblins
  6 jackals
  4 kobolds
  A quokka (D:2)
  A ball python (D:3)
  5 frilled lizards
  A leopard gecko skeleton (D:2)
  7 rats
  A fungus (D:2)
91 creatures vanquished.

Notes
Turn   | Place    | Note
-------+----------+-------------------------------------------
     0 | D:1      | LairdRich the Minotaur Fighter began the quest for the Orb.
     0 | D:1      | Reached XP level 1. HP: 19/19 MP: 0/0
   402 | D:1      | Reached XP level 2. HP: 27/27 MP: 1/1
   739 | D:1      | Reached skill level 4 in Shields
  1109 | D:2      | Reached XP level 3. HP: 33/33 MP: 2/2
  1618 | D:3      | Reached XP level 4. HP: 37/40 MP: 3/3
  2033 | D:3      | Noticed Sigmund
  2046 | D:3      | Killed Sigmund
  2046 | D:3      | Reached skill level 5 in Shields
  2046 | D:3      | Reached XP level 5. HP: 35/47 MP: 4/4
  2177 | D:3      | Reached XP level 6. HP: 53/53 MP: 5/5
  2358 | D:4      | Found an ornate altar of the Wu Jian Council.
  2411 | D:4      | Found a bloodstained altar of Trog.
  2595 | D:4      | Noticed ThereIsNoGod's ghost (amateur DrTm)
  2614 | D:4      | Killed ThereIsNoGod's ghost
  2614 | D:4      | Reached skill level 5 in Fighting
  2614 | D:4      | Reached skill level 5 in Axes
  2614 | D:4      | Reached skill level 5 in Armour
  2614 | D:4      | Reached skill level 6 in Shields
  2614 | D:4      | Reached XP level 7. HP: 41/61 MP: 6/6
  3084 | D:4      | Reached skill level 7 in Shields
  3380 | D:5      | Entered Level 5 of the Dungeon
  3442 | D:5      | HP: 1/62 [gnoll/halberd (12)]
  3444 | D:5      | Slain by a gnoll

Vault maps used:
D:1:      dpeg_arrival_subterranean_lakeside_camping
D:2:      serial_undead, serial_undead_e, serial_undead_d, serial_undead_f,
          serial_undead_c, minmay_gold_behind_fungi
D:3:      first_ration, kennysheep_generic_room_11, uniq_sigmund
D:4:      lemuel_crystal_altar, lightli_temple_of_fire

Skill      XL: |  1  2  3  4  5  6  7 |
---------------+----------------------+-----
Shields        | 4 5 6 7 |  7.3
Axes           | 3 4 5 6 |  6.6
Fighting       | 4 5 |  5.7
Armour         | 4 5 |  5.6

Action                   |  1- 3 |  4- 6 |  7- 9 || total
-------------------------+-------+-------+-------++-------
Melee: War axe           |    91 |    85 |    13 ||   189
       Headbutt          |    15 |    16 |    18 ||    49
       Spear             |       |       |    89 ||    89
  Use: Scroll            |       |     5 |     4 ||     9
  Eat: Chunk             |     2 |     4 |     2 ||     8
Armor: Scale mail        |    35 |     8 |       ||    43
       Chain mail        |       |    12 |    41 ||    53
Dodge: Dodged            |    42 |    17 |    37 ||    96
Block: Shield            |    51 |    44 |    93 ||   188

Table legend:
 A = Spawn XP
 B = Non-spawn XP
 C = Spawn XP percentage of total XP
 D = Spawn monster count
 E = Non-spawn monster count
 F = Spawn count percentage of total count
 G = Total turns spent on level
                    A         B        C        D         E        F      G
               +---------+---------+-------+---------+---------+-------+---------
         Total |       0 |    1341 |   0.0 |       0 |      90 |   0.0 |  3444
               +---------+---------+-------+---------+---------+-------+---------
           D:1 |       0 |      25 |   0.0 |       0 |      16 |   0.0 |   997
           D:2 |       0 |      51 |   0.0 |       0 |      19 |   0.0 |   482
           D:3 |       0 |     347 |   0.0 |       0 |      24 |   0.0 |   847
           D:4 |       0 |     812 |   0.0 |       0 |      25 |   0.0 |  1054
           D:5 |       0 |     106 |   0.0 |       0 |       6 |   0.0 |    64
               +---------+---------+-------+---------+---------+-------+---------
